[Event "Titled Tuesday Blitz August 15 Early 2023"]
[White "Altman, Joshua"]
[Black "Preobrazhenska_D2011"]
[WhiteFideId "426210"]
[WhiteElo "2593"]
[BlackElo "2283"]
[Result "0-1"]
[Round "1"]
[TimeControl "180+1"]
[Date "2023.08.15"]
[WhiteClock "0:00:06"]
[BlackClock "0:00:05"]
[Board "166"]

1. Nf3 Nf6 2. b3 e6 3. Bb2 b6 4. g3 Bb7 5. Bg2 d5 6. O-O Be7 7. d3 O-O 8. Nbd2 c5 9. Re1 Nc6 10. e4 d4 11. a4 Qc7 12. Qe2 a6 13. h4 Nb4 14. Nf1 b5 15. Ba3 Nc6 16. N3d2 Nd7 17. h5 e5 18. g4 g6 19. Ng3 Rfc8 20. Bf3 Nf8 21. Kg2 Ne6 22. Kg1 Nf4 23. Qf1 Kh8 24. Ne2 Bg5 25. Nxf4 Bxf4 26. Bc1 gxh5 27. Qh3 Rg8 28. Qxh5 Rg5 29. Qh3 Rg6 30. Nf1 Rh6 31. Qg2 Rg8 32. Ng3 Ne7 33. Bxf4 exf4 34. Nf5 Nxf5 35. exf5 Bxf3 36. Qxf3 Rh4 37. Kf1 Rhxg4 38. Ke2 Qe5+ 39. Kd2 Qxf5 40. Re7 Rg2 41. Rae1 c4 42. bxc4 bxc4 43. dxc4 Rh2 44. R1e2 Qa5+ 45. Kd1 Rg1+ 46. Re1 Rxe1+ 47. Rxe1 Qxa4 48. Qxf4 Rh5 49. Qf6+ Kg8 50. Rh1 Rxh1+ 51. Ke2 Qxc4+ 52. Kf3 Qd5+ 53. Kg3 Rg1+ 54. Kh4 Qh1# 0-1


[Site "https://www.chess.com"]

[Event "Titled Tuesday Blitz August 15 Early 2023"]
[White "Diaz, Fernando"]
[Black "Ibadov, Dashgyn"]
[WhiteFideId "3701255"]
[BlackFideId "24107514"]
[WhiteElo "2281"]
[BlackElo "2590"]
[Result "0-1"]
[Round "1"]
[TimeControl "180+1"]
[Date "2023.08.15"]
[WhiteClock "0:00:02"]
[BlackClock "0:00:20"]
[Board "167"]

1. e4 e5 2. Nf3 Nc6 3. Bc4 Bc5 4. b4 Bxb4 5. c3 Be7 6. d4 Na5 7. Bd3 d6 8. dxe5 dxe5 9. Nxe5 Nf6 10. O-O O-O 11. h3 b6 12. Bb2 Bb7 13. Qe2 Bd6 14. c4 Re8 15. f4 Bxe5 16. Bxe5 Nd7 17. Bc3 Nc5 18. Rd1 Qh4 19. Be5 f6 20. Bxc7 Nxe4 21. Bxe4 Bxe4 22. Qf2 Qxf2+ 23. Kxf2 Nxc4 24. Nc3 Bc6 25. Rac1 Rac8 26. Bd6 Nxd6 27. Rxd6 Red8 28. Rcd1 Rxd6 29. Rxd6 Kf7 30. Ke3 Bxg2 31. Nb5 a6 32. Nd4 Rc3+ 33. Kd2 Ra3 34. f5 Rxa2+ 35. Ke3 g6 36. Rd7+ Ke8 37. Rxh7 gxf5 38. Nxf5 Bxh3 39. Rxh3 Ra3+ 0-1


[Site "https://www.chess.com"]

[Event "Titled Tuesday Blitz August 15 Early 2023"]
[White "Onufrienko, Vladislav"]
[Black "Mikhaylova, Irina"]
[WhiteFideId "13804332"]
[BlackFideId "4109040"]
[WhiteElo "2590"]
[BlackElo "2280"]
[Result "0-1"]
[Round "1"]
[TimeControl "180+1"]
[Date "2023.08.15"]
[WhiteClock "0:00:09"]
[BlackClock "0:00:11"]
[Board "168"]

1. e4 c5 2. Nc3 Nc6 3. Nf3 d6 4. d4 cxd4 5. Nxd4 e5 6. Ndb5 a6 7. Na3 b5 8. Nd5 Nge7 9. c4 Nd4 10. Bd3 Nxd5 11. exd5 b4 12. Nc2 Nxc2+ 13. Qxc2 a5 14. O-O g6 15. f4 Bg7 16. fxe5 Bxe5 17. Bf4 Bxf4 18. Rxf4 O-O 19. Raf1 Rb8 20. Kh1 Qg5 21. Qf2 Rb7 22. b3 f5 23. Re1 Re7 24. Rf3 Rfe8 25. Rxe7 Qxe7 26. h3 Qe1+ 27. Qf1 Qxf1+ 28. Rxf1 Kg7 29. Kg1 Kf6 30. Kf2 Re5 31. Ra1 Re7 32. a3 Rb7 33. Ke3 Bd7 34. Kd4 a4 35. axb4 Rxb4 36. bxa4 Rxa4 37. Rb1 Ra2 38. Rb6 Ke7 39. g3 h5 40. Rb7 Rg2 41. c5 dxc5+ 42. Kxc5 Ke8 43. Kd6 Rxg3 44. Bf1 Ba4 45. Ra7 Bb3 46. Bb5+ Kf8 47. Bc6 Rxh3 48. Ke5 f4 49. d6 Rd3 50. d7 Ke7 51. Ra8 Rxd7 52. Bxd7 Kxd7 53. Kxf4 Bc2 54. Kg5 Bf5 55. Rg8 Kd6 56. Rg7 Ke5 57. Re7+ Kd4 58. Re1 Kd3 59. Rg1 Kd2 60. Rg3 Ke2 61. Kf4 Kf2 62. Rc3 Ke2 63. Ra3 Kd2 64. Ke5 h4 65. Kd4 h3 66. Ra2+ Ke1 67. Ke3 Kd1 68. Rh2 Kc1 69. Kd4 Kd1 70. Ke3 Kc1 71. Kd4 Kd1 72. Kc3 Ke1 73. Kd4 Kf1 74. Ke3 Kg1 75. Re2 h2 76. Re1+ Kg2 77. Re2+ Kg3 78. Re1 Bh3 79. Ke4 Bg2+ 80. Ke5 g5 81. Kf5 g4 82. Re3+ Bf3 83. Re1 h1=Q 84. Rxh1 Bxh1 0-1


[Site "https://www.chess.com"]

[Event "Titled Tuesday Blitz August 15 Early 2023"]
[White "Barwinska, Ewa"]
[Black "Dobrikov, Marco"]
[WhiteFideId "21833761"]
[BlackFideId "12950378"]
[WhiteElo "2279"]
[BlackElo "2588"]
[Result "0-1"]
[Round "1"]
[TimeControl "180+1"]
[Date "2023.08.15"]
[WhiteClock "0:00:00"]
[BlackClock "0:00:18"]
[Board "169"]

1. e4 Nf6 2. e5 Nd5 3. d4 d6 4. c4 Nb6 5. exd6 cxd6 6. Nc3 g6 7. Bd3 Bg7 8. Nge2 Nc6 9. Be3 d5 10. c5 Nd7 11. f4 Nf6 12. O-O O-O 13. Rb1 a5 14. a3 Ng4 15. Qd2 b6 16. b4 axb4 17. axb4 bxc5 18. bxc5 Ra3 19. Nb5 Ra5 20. h3 Nxe3 21. Qxe3 Ba6 22. Kh1 e6 23. Nbc3 Bxd3 24. Qxd3 Qf6 25. Rfd1 Ra3 26. Rbc1 h5 27. Qd2 Rb8 28. Rb1 Rxb1 29. Nxb1 Ra4 30. Nbc3 Rc4 31. Nb5 h4 32. Nd6 Ra4 33. Ne8 Qf5 34. Nxg7 Kxg7 35. Qe3 Ra2 36. Nc3 Rc2 37. Nb5 Rb2 38. Nd6 Qc2 39. Rg1 Qd2 40. Qa3 Qxd4 41. f5 gxf5 42. Qa6 Qxc5 43. Ne8+ Kg6 44. Qc8 Rb8 45. Qc7 Rxe8 46. Qf4 Qd4 47. Qf3 Qe4 48. Qf2 Ne5 49. Kh2 f4 50. Qxh4 Qf5 51. Kh1 d4 52. Qf2 d3 53. g4 Qe4+ 54. Kh2 Rh8 0-1


[Site "https://www.chess.com"]

[Event "Titled Tuesday Blitz August 15 Early 2023"]
[White "Deng, Henry"]
[Black "Garcia-Castany Musellas, Gal.la"]
[WhiteFideId "30965454"]
[BlackFideId "2241803"]
[WhiteElo "2586"]
[BlackElo "2276"]
[Result "1-0"]
[Round "1"]
[TimeControl "180+1"]
[Date "2023.08.15"]
[WhiteClock "0:00:20"]
[BlackClock "0:00:00"]
[Board "170"]

1. b3 e5 2. Bb2 Nc6 3. e3 Nf6 4. d4 exd4 5. exd4 d5 6. Nf3 Bd6 7. Be2 O-O 8. O-O Bf5 9. c4 Re8 10. Nc3 Bf8 11. h3 dxc4 12. bxc4 Ne4 13. d5 Ne7 14. Nd4 Nxc3 15. Bxc3 Bg6 16. Bf3 Qd7 17. Qb3 Rab8 18. Rad1 Nf5 19. Bg4 h5 20. Bxf5 Bxf5 21. Nxf5 Qxf5 22. Rd3 h4 23. Rf3 Qg6 24. Bd4 Bd6 25. Bxa7 Ra8 26. Bd4 b6 27. Kh1 Ra3 28. Qd1 Rea8 29. Rxa3 Rxa3 30. Re1 Rxa2 31. Qf3 Ra3 32. Qe2 Kh7 33. Be5 Bxe5 34. Qxe5 1-0


[Site "https://www.chess.com"]

[Event "Titled Tuesday Blitz August 15 Early 2023"]
[White "Hrescak, Ivana"]
[Black "Chor, Kevin"]
[WhiteFideId "14613441"]
[BlackFideId "2090740"]
[WhiteElo "2276"]
[BlackElo "2585"]
[Result "0-1"]
[Round "1"]
[TimeControl "180+1"]
[Date "2023.08.15"]
[WhiteClock "0:00:05"]
[BlackClock "0:00:19"]
[Board "171"]

1. e4 c5 2. Nf3 Nc6 3. Bb5 Qb6 4. Nc3 e6 5. O-O Nge7 6. Re1 a6 7. Bf1 g6 8. Na4 Qa5 9. c3 d6 10. b3 Bg7 11. Nb2 b5 12. d4 Qxc3 13. Re3 Qa5 14. dxc5 dxc5 15. Qd6 Qb6 16. a4 Rb8 17. a5 Qa7 18. Ra2 Nb4 19. Ra3 O-O 20. Nd3 Nc2 21. Qxc5 Qxc5 22. Nxc5 Nxe3 23. Bxe3 Nc6 24. Ra2 Rd8 25. Be2 Nd4 26. h4 e5 27. h5 Nxe2+ 28. Rxe2 Bg4 29. hxg6 hxg6 30. Rc2 Bxf3 31. gxf3 Rbc8 32. Rc1 Bf8 33. Nxa6 Rxc1+ 34. Bxc1 Rd1+ 35. Kg2 Rxc1 36. Nc7 Ra1 37. a6 Bd6 38. Nxb5 Rxa6 39. Nxd6 Rxd6 40. Kg3 Rb6 41. Kg4 Rxb3 42. Kg5 Kg7 43. f4 f6+ 44. Kg4 exf4 45. Kxf4 Rb4 46. f3 f5 47. Ke5 fxe4 48. fxe4 g5 49. Kf5 Kh6 50. e5 g4 51. e6 Kg7 52. e7 Kf7 0-1


[Site "https://www.chess.com"]

[Event "Titled Tuesday Blitz August 15 Early 2023"]
[White "Milosevic, Milos"]
[Black "San Thit Lwin"]
[WhiteFideId "964875"]
[BlackFideId "13001272"]
[WhiteElo "2582"]
[BlackElo "2274"]
[Result "1-0"]
[Round "1"]
[TimeControl "180+1"]
[Date "2023.08.15"]
[WhiteClock "0:00:06"]
[BlackClock "0:00:05"]
[Board "172"]

1. e4 Nf6 2. e5 Nd5 3. Nc3 e6 4. d4 d6 5. Nf3 Be7 6. Ne4 O-O 7. c3 Nc6 8. Bd3 dxe5 9. dxe5 b6 10. Qe2 Bb7 11. Neg5 Bxg5 12. Nxg5 h6 13. h4 a6 14. Qe4 f5 15. exf6 Nxf6 16. Qxe6+ Kh8 17. Bc2 Qe8 18. Be3 Ne5 19. O-O-O Bxg2 20. Rh2 Bd5 21. Qf5 Bxa2 22. Bd4 Ned7 23. b3 a5 24. Kb2 a4 25. Kxa2 axb3+ 26. Kxb3 Nc5+ 27. Kb2 Na4+ 28. Kb1 Nc5 29. Bxf6 Qb5+ 30. Kc1 Nb3+ 31. Kb2 Nc5+ 32. Kc1 Ra1+ 33. Kd2 Ne4+ 34. Qxe4 Rxd1+ 35. Kxd1 Qd7+ 36. Kc1 Qc6 37. Qh7# 1-0


[Site "https://www.chess.com"]

[Event "Titled Tuesday Blitz August 15 Early 2023"]
[White "Ardila, Oscar Humberto"]
[Black "Manukyan, Sargis A."]
[WhiteFideId "4404742"]
[BlackFideId "13303970"]
[WhiteElo "2267"]
[BlackElo "2582"]
[Result "0-1"]
[Round "1"]
[TimeControl "180+1"]
[Date "2023.08.15"]
[WhiteClock "0:00:28"]
[BlackClock "0:00:55"]
[Board "173"]

1. d4 Nf6 2. c4 e6 3. Nc3 d5 4. Bg5 Be7 5. e3 h6 6. Bh4 O-O 7. Nf3 b6 8. cxd5 Nxd5 9. Bxe7 Qxe7 10. e4 Nxc3 11. bxc3 Bb7 12. Bd3 Nd7 13. O-O c5 14. Qe2 cxd4 15. cxd4 Rfd8 16. Rfd1 Nf6 17. Rac1 Rac8 18. h3 Rxc1 19. Rxc1 Rc8 20. Rxc8+ Bxc8 21. Qc2 Qd7 22. Ne5 Qd8 23. Qc6 Nd7 24. Qd6 Qf8 25. Qc7 Nxe5 26. Qxe5 Bb7 27. Qc7 Qc8 28. Qxc8+ Bxc8 29. Kf1 Kf8 30. Ke2 Ke7 31. Ke3 f6 32. f4 Kd6 33. e5+ fxe5 34. fxe5+ Ke7 35. g4 Bb7 36. h4 g5 37. hxg5 hxg5 38. Be4 Bxe4 39. Kxe4 Kd7 40. d5 exd5+ 41. Kxd5 Ke7 42. a4 a6 43. e6 b5 44. axb5 axb5 45. Kc5 Kxe6 46. Kxb5 Ke5 47. Kc4 Kf4 48. Kd3 Kxg4 49. Ke2 Kg3 50. Kf1 Kh2 51. Kf2 g4 52. Kf1 g3 53. Ke2 g2 0-1


[Site "https://www.chess.com"]

[Event "Titled Tuesday Blitz August 15 Early 2023"]
[White "Musovic, Armin"]
[Black "AndresDelgado77"]
[WhiteFideId "939935"]
[WhiteElo "2581"]
[BlackElo "2265"]
[Result "1-0"]
[Round "1"]
[TimeControl "180+1"]
[Date "2023.08.15"]
[WhiteClock "0:00:13"]
[BlackClock "0:00:00"]
[Board "174"]

1. a3 d5 2. d4 Bf5 3. c4 e6 4. Nc3 c6 5. Nf3 h6 6. g3 Nf6 7. Bg2 Nbd7 8. O-O a5 9. Nd2 Be7 10. e4 dxe4 11. Ndxe4 O-O 12. Nxf6+ Bxf6 13. Be3 Qb6 14. Na4 Qa6 15. Rc1 b5 16. cxb5 cxb5 17. Bxa8 Qxa8 18. Nc5 Nxc5 19. Rxc5 Bh3 20. f3 Bxf1 21. Qxf1 Rd8 22. Rxb5 Bxd4 23. Qf2 Qc6 24. Rxa5 Bxe3 25. Qxe3 Rd1+ 26. Kg2 Qc2+ 27. Kh3 Qxb2 28. Ra8+ Kh7 29. Qe4+ g6 30. Qf4 Qb7 31. Rf8 Kg7 32. Rb8 Qd7 33. Qe5+ f6 34. Qb5 e5+ 35. g4 Qxb5 36. Rxb5 Rd3 37. Rb7+ Kg8 38. Rb8+ Kf7 39. Rb7+ Ke6 40. Rb6+ Ke7 41. Rb7+ Ke8 42. Rb8+ Kd7 43. Rb7+ Kc6 44. Rh7 Rxf3+ 45. Kg2 Rf4 46. Kg3 h5 47. h3 hxg4 48. hxg4 Kd5 49. Rd7+ Ke6 50. Rg7 g5 51. Ra7 Kd5 52. a4 Kc5 53. Ra6 Kb4 54. Kh3 Rf3+ 55. Kg2 Rf4 56. Kg3 e4 57. a5 Rf3+ 58. Kg2 Kc3 59. Rc6+ Kd4 60. a6 Ke5 61. Rc5+ Kf4 62. Rf5+ Kxg4 63. Rxf3 exf3+ 64. Kf2 Kf4 65. a7 g4 66. a8=Q g3+ 67. Kf1 g2+ 68. Kf2 f5 69. Qxf3+ Ke5 70. Qxg2 Kf6 71. Kf3 1-0


[Site "https://www.chess.com"]

[Event "Titled Tuesday Blitz August 15 Early 2023"]
[White "crazy_m_attack"]
[Black "Trifan, Andrei Ioan"]
[BlackFideId "12967068"]
[WhiteElo "2263"]
[BlackElo "2578"]
[Result "1-0"]
[Round "1"]
[TimeControl "180+1"]
[Date "2023.08.15"]
[WhiteClock "0:00:18"]
[BlackClock "0:00:27"]
[Board "175"]

1. e4 d6 2. d4 Nf6 3. Nc3 g6 4. f4 Bg7 5. Bd3 O-O 6. Nf3 c5 7. dxc5 dxc5 8. e5 Nd5 9. Nxd5 Qxd5 10. Qe2 Nc6 11. Be4 Qd7 12. Be3 b6 13. O-O Bb7 14. Qf2 f6 15. Rad1 Qc7 16. e6 Rad8 17. f5 Ne5 18. Rxd8 Rxd8 19. Bxb7 Ng4 20. Qe2 Qxb7 21. h3 Nxe3 22. Qxe3 Qd5 23. Qa3 Qxf5 24. Qxa7 Qxe6 25. Re1 Qd7 26. Rxe7 Qxa7 27. Rxa7 f5 28. b3 b5 29. Kf2 h6 30. Rc7 Ra8 31. Rxc5 Rxa2 32. Ke2 b4 33. Kd3 Ra1 34. Rc8+ Kf7 35. Rc7+ Kg8 36. Rc8+ Kh7 37. Rc7 Rf1 38. Kc4 Rf2 39. Kxb4 Rxg2 40. Nd4 Rh2 41. Ne6 Re2 42. Rxg7+ Kh8 43. Rxg6 Kh7 44. Rf6 Kg8 45. c4 1-0


[Site "https://www.chess.com"]

[Event "Titled Tuesday Blitz August 15 Early 2023"]
[White "Pert, Richard G"]
[Black "Smietanska, Wiktoria"]
[WhiteFideId "404748"]
[BlackFideId "21869359"]
[WhiteElo "2574"]
[BlackElo "2261"]
[Result "1-0"]
[Round "1"]
[TimeControl "180+1"]
[Date "2023.08.15"]
[WhiteClock "0:01:03"]
[BlackClock "0:00:06"]
[Board "176"]

1. d4 Nf6 2. Nc3 d5 3. e4 dxe4 4. f3 exf3 5. Nxf3 g6 6. Bc4 Bg7 7. Bg5 O-O 8. Qd2 Bg4 9. Ne5 Bf5 10. O-O-O Nbd7 11. Qe2 h6 12. Bf4 a6 13. g4 Be6 14. Bxe6 fxe6 15. Nxg6 Rf7 16. Qxe6 Nf8 17. Nxf8 Qxf8 18. Bxc7 Rc8 19. Be5 Rc6 20. Qb3 Nxg4 21. Rhg1 Nf6 22. Nd5 Nxd5 23. Qxd5 e6 24. Qg2 Rf2 25. Qxg7+ Qxg7 26. Rxg7+ Kf8 27. c3 1-0


[Site "https://www.chess.com"]

[Event "Titled Tuesday Blitz August 15 Early 2023"]
[White "Kaminski, Victor"]
[Black "Aggelis, Nikolaos"]
[WhiteFideId "1131630"]
[BlackFideId "4213220"]
[WhiteElo "2261"]
[BlackElo "2574"]
[Result "1-0"]
[Round "1"]
[TimeControl "180+1"]
[Date "2023.08.15"]
[WhiteClock "0:00:04"]
[BlackClock "0:01:12"]
[Board "177"]

1. e4 c6 2. Nf3 d5 3. d3 dxe4 4. dxe4 Qxd1+ 5. Kxd1 f6 6. Bc4 e5 7. a4 Bc5 8. Rf1 Ke7 9. c3 a5 10. Kc2 Be6 11. Nbd2 Nd7 12. Bxe6 Kxe6 13. Nc4 Nb6 14. Nxb6 Bxb6 15. Nd2 Ne7 16. Nc4 Bc5 17. Bd2 Rhc8 18. f3 Rc7 19. Rad1 b5 20. axb5 cxb5 21. Ne3 Rd8 22. Bc1 Rcd7 23. Rxd7 Rxd7 24. b3 g6 25. c4 Bxe3 26. Bxe3 b4 27. Bb6 Nc6 28. Ra1 Rb7 29. c5 Nd4+ 30. Kb2 Kd7 31. Rxa5 Kc6 32. Ra8 Rd7 33. Rf8 f5 34. Re8 fxe4 35. fxe4 Nb5 36. Re6+ Kb7 37. c6+ Kxb6 38. cxd7+ Kc7 39. Rxe5 Nd6 40. Rd5 Kxd7 41. e5 Ke6 42. Rxd6+ Kxe5 43. Rd7 Ke4 44. Rxh7 Ke3 45. Rb7 Kf2 46. Rxb4 Kxg2 47. Rg4+ Kh3 48. Rxg6 Kh4 49. b4 Kh3 50. Rg8 Kh4 51. b5 Kh3 52. b6 Kh4 53. b7 Kh3 54. Rf8 Kh4 55. b8=Q Kh3 56. Qg3# 1-0


[Site "https://www.chess.com"]

[Event "Titled Tuesday Blitz August 15 Early 2023"]
[White "Garakov, Mikhael"]
[Black "slimshady"]
[WhiteFideId "4169034"]
[WhiteElo "2572"]
[BlackElo "2259"]
[Result "0-1"]
[Round "1"]
[TimeControl "180+1"]
[Date "2023.08.15"]
[WhiteClock "0:00:57"]
[BlackClock "0:01:15"]
[Board "178"]

1. e4 c5 2. Nf3 d6 3. d4 cxd4 4. Nxd4 Nf6 5. Nc3 Na6 6. Bc4 Nc5 7. Qe2 e5 8. Nb3 Be7 9. f3 O-O 10. Nxc5 dxc5 11. Be3 a6 12. a4 Bd7 13. O-O Qc7 14. Bg5 Bc6 15. Bxf6 Bxf6 16. Nd5 Bxd5 17. Bxd5 Rad8 18. Kh1 Be7 19. Qc4 Bg5 20. g3 Kh8 21. h4 Be7 22. Kh2 Rd6 23. Kg2 Rg6 24. Rh1 Rh6 25. h5 Bg5 26. c3 Qc8 27. Bxf7 Rf6 28. Bd5 Rxf3 29. Be6 Qd8 30. Raf1 Qd2+ 31. Kh3 Qe3 32. Rh2 Rxg3# 0-1


[Site "https://www.chess.com"]

[Event "Titled Tuesday Blitz August 15 Early 2023"]
[White "Fajdetic, Hrvoje"]
[Black "Keleberda, Tymur"]
[WhiteFideId "14501945"]
[BlackFideId "14174294"]
[WhiteElo "2253"]
[BlackElo "2568"]
[Result "0-1"]
[Round "1"]
[TimeControl "180+1"]
[Date "2023.08.15"]
[WhiteClock "0:00:00"]
[BlackClock "0:01:16"]
[Board "179"]

1. d4 Nf6 2. Bf4 d5 3. e3 e6 4. Nf3 Bd6 5. Bg3 b6 6. Nbd2 c5 7. c3 Nc6 8. Bb5 Bb7 9. Qa4 Rc8 10. Qxa7 Rc7 11. Bxd6 Qxd6 12. Qxb6 cxd4 13. exd4 O-O 14. Ne5 Rd8 15. Bxc6 Bxc6 16. Nxc6 Rxc6 17. Qb3 Rb6 18. Qc2 e5 19. O-O e4 20. Rfe1 h5 21. Nf1 h4 22. h3 Nh5 23. a4 Nf4 24. Kh1 Qg6 25. Ne3 f5 26. a5 Rc6 27. b4 Nd3 28. Nxd5 Rxd5 29. Qb3 Qf7 30. Re2 Rb5 31. Qxf7+ Kxf7 32. a6 Rc8 33. a7 Ra8 34. Kg1 Ke6 35. Ra6+ Kd5 36. Rea2 Kc4 37. Rc6+ Kb3 38. Raa6 Rb7 39. b5 Raxa7 40. Rxa7 Rxa7 41. c4 f4 42. b6 Ra1+ 43. Kh2 Nxf2 0-1


[Site "https://www.chess.com"]

[Event "Titled Tuesday Blitz August 15 Early 2023"]
[White "Nguyen Hong Anh"]
[Black "ChainedDowntohell"]
[WhiteFideId "12406732"]
[WhiteElo "2568"]
[BlackElo "2250"]
[Result "0-1"]
[Round "1"]
[TimeControl "180+1"]
[Date "2023.08.15"]
[WhiteClock "0:00:05"]
[BlackClock "0:00:05"]
[Board "180"]

1. d4 Nf6 2. c4 b6 3. Nf3 Bb7 4. g3 g6 5. Bg2 Bg7 6. O-O e6 7. Nc3 Ne4 8. Nxe4 Bxe4 9. Bf4 Qc8 10. Qd2 Qb7 11. Rfd1 O-O 12. d5 d6 13. Bh6 Bxf3 14. Bxf3 e5 15. e4 Nd7 16. b4 a5 17. a3 f5 18. exf5 axb4 19. axb4 Rxa1 20. Rxa1 Rf7 21. Bxg7 Kxg7 22. fxg6 Rxf3 23. gxh7 Rf7 24. Qg5+ Kxh7 25. Qh5+ Kg7 26. Qg5+ Kh8 27. h4 Qb8 28. Qh5+ Kg8 29. Qg6+ Rg7 30. Qe6+ Kh7 31. Ra3 Qg8 32. Qf5+ Kh8 33. Rf3 Qh7 34. Qe6 Qg6 35. Qh3 Qg4 36. Qg2 Kh7 37. h5 e4 38. Rf4 Qxf4 39. gxf4 Rxg2+ 40. Kxg2 Kh6 41. f3 exf3+ 42. Kxf3 Kxh5 43. Ke4 Kg4 44. f5 Nf6+ 45. Kd4 Kxf5 46. c5 bxc5+ 47. bxc5 Kf4 48. cxd6 cxd6 49. Kc4 Ke5 50. Kb5 Nxd5 0-1


[Site "https://www.chess.com"]

[Event "Titled Tuesday Blitz August 15 Early 2023"]
[White "Juicy_Fork"]
[Black "Roebers, Eline"]
[BlackFideId "1058401"]
[WhiteElo "2248"]
[BlackElo "2568"]
[Result "0-1"]
[Round "1"]
[TimeControl "180+1"]
[Date "2023.08.15"]
[WhiteClock "0:00:02"]
[BlackClock "0:01:44"]
[Board "181"]

1. e4 c5 2. Nf3 e6 3. d4 cxd4 4. Nxd4 Nf6 5. Nc3 Nc6 6. a3 Be7 7. f4 d6 8. Nb3 O-O 9. Be3 a6 10. Qf3 Qc7 11. O-O-O b5 12. g4 Bb7 13. g5 Nd7 14. h4 b4 15. axb4 Nxb4 16. h5 Rfc8 17. Rh2 a5 18. g6 a4 19. gxf7+ Kf8 20. Nd4 a3 21. Nxe6+ Kxf7 22. Nxc7 Rxc7 23. Bd4 a2 24. Nxa2 Rxa2 25. Qb3+ d5 26. Bc3 Nc5 27. Qxb4 Ra1+ 28. Kd2 Nxe4+ 29. Ke3 Rxd1 30. Qb5 Bc5+ 31. Ke2 Ra1 32. Kf3 d4 33. Bc4+ Kf8 34. Kg4 Rg1+ 35. Kh3 Bc8+ 36. Kh4 Be7+ 0-1


[Site "https://www.chess.com"]

[Event "Titled Tuesday Blitz August 15 Early 2023"]
[White "Principe, Alexander"]
[Black "agvania123"]
[WhiteFideId "3804542"]
[WhiteElo "2567"]
[BlackElo "2248"]
[Result "1-0"]
[Round "1"]
[TimeControl "180+1"]
[Date "2023.08.15"]
[WhiteClock "0:00:29"]
[BlackClock "0:00:17"]
[Board "182"]

1. e4 e5 2. Nf3 Nf6 3. Nxe5 d6 4. Nf3 Nxe4 5. Nc3 Nxc3 6. dxc3 Be7 7. Be3 O-O 8. Qd2 Nc6 9. Bd3 Be6 10. O-O-O a5 11. Kb1 Ne5 12. Nxe5 dxe5 13. Be4 c6 14. Qxd8 Rfxd8 15. Bb6 Rxd1+ 16. Rxd1 f5 17. Bf3 e4 18. Be2 Kf7 19. c4 c5 20. f3 Ra6 21. Bc7 exf3 22. gxf3 g5 23. a4 h5 24. b3 Bf6 25. Bf1 h4 26. Bg2 Bd4 27. Bd8 Ra8 28. Bxg5 Rg8 29. f4 Bf6 30. Bxb7 Bxg5 31. fxg5 Rxg5 32. Kb2 f4 33. Kc3 Re5 34. Rf1 Re3+ 35. Kd2 Rh3 36. Rxf4+ Ke7 37. Rf2 Kd6 38. Be4 Ke5 39. Bd3 Bd7 40. c3 Bg4 41. Bf1 Rf3 42. Rxf3 Bxf3 43. Ke3 Bd1 44. b4 cxb4 45. cxb4 axb4 46. a5 Ba4 47. a6 Bc6 48. Bd3 Kd6 49. Kd4 Kc7 50. c5 b3 51. Kc3 Kb8 52. Kxb3 Ka7 53. Kc3 h3 54. Kd4 Bg2 55. Ke5 Bc6 56. Kd6 Bg2 57. Bb5 Ba8 58. c6 Kb8 59. c7+ Ka7 60. c8=Q Bc6 61. Qc7+ Ka8 62. Bxc6# 1-0


[Site "https://www.chess.com"]

[Event "Titled Tuesday Blitz August 15 Early 2023"]
[White "Kula, Robert"]
[Black "Souleidis, Georgios"]
[WhiteFideId "1101218"]
[BlackFideId "4206827"]
[WhiteElo "2246"]
[BlackElo "2561"]
[Result "0-1"]
[Round "1"]
[TimeControl "180+1"]
[Date "2023.08.15"]
[WhiteClock "0:00:39"]
[BlackClock "0:00:34"]
[Board "183"]

1. e4 c5 2. Nf3 e6 3. d4 cxd4 4. Nxd4 Nf6 5. Nc3 Nc6 6. Nxc6 bxc6 7. Bd3 d5 8. e5 Nd7 9. f4 Nc5 10. Be2 a5 11. O-O Qb6 12. Kh1 Be7 13. b3 Ba6 14. Be3 Bxe2 15. Qxe2 Qb4 16. Qd2 O-O 17. a3 Qb7 18. f5 exf5 19. Rxf5 Ne6 20. Bf2 Rad8 21. Qe2 g6 22. Rf3 c5 23. Rf1 Ng5 24. Rg3 d4 25. Na4 Qe4 26. Qd3 Qxd3 27. cxd3 Rb8 28. Nxc5 Bxc5 29. Rxg5 Rxb3 30. Rd1 Rxa3 31. e6 f5 32. h4 Re8 33. h5 Rxe6 34. hxg6 hxg6 35. Rg3 Ra2 36. Be1 Kf7 37. Bd2 Re2 38. Bg5 Bd6 39. Rh3 Rxg2 40. Bd8 Rh2+ 41. Rxh2 Rxh2+ 42. Kg1 Ra2 43. Rb1 Bb4 44. Rc1 Bc3 45. Rb1 Ra1 46. Rxa1 Bxa1 47. Bxa5 Bc3 48. Kg2 Bxa5 49. Kf3 Bc7 50. Kf2 Be5 51. Kf3 g5 0-1


[Site "https://www.chess.com"]

[Event "Titled Tuesday Blitz August 15 Early 2023"]
[White "Przybylski, Wojciech"]
[Black "Schachpanda_Youtube"]
[WhiteFideId "1117599"]
[WhiteElo "2560"]
[BlackElo "2245"]
[Result "1-0"]
[Round "1"]
[TimeControl "180+1"]
[Date "2023.08.15"]
[WhiteClock "0:00:27"]
[BlackClock "0:00:00"]
[Board "184"]

1. d4 c6 2. e4 d5 3. Nc3 dxe4 4. Nxe4 Nf6 5. Nc3 e5 6. dxe5 Qxd1+ 7. Kxd1 Ng4 8. Nh3 Nxe5 9. f4 Bxh3 10. gxh3 Ng6 11. Bc4 Nd7 12. Re1+ Be7 13. Be3 O-O-O 14. Kc1 Bc5 15. Bd2 Nh4 16. Ne4 Nf3 17. Re2 Nxd2 18. Kxd2 Rhe8 19. Rae1 Nf6+ 20. Bd3 Nxe4+ 21. Rxe4 Kd7 22. Re5 Rxe5 23. fxe5 Ke6 24. c3 Rd5 25. Rf1 Rxe5 26. Bc4+ Kd6 27. Rxf7 Re7 28. Rf5 b5 29. Bd3 h6 30. h4 a5 31. h5 Re5 32. Rf3 Rxh5 33. h3 g5 34. Bf5 Rh4 35. Rd3+ Ke5 36. Bd7 Rf4 37. Bxc6 Rf2+ 38. Ke1 Ke6 39. b4 a4 40. bxc5 1-0


[Site "https://www.chess.com"]

[Event "Titled Tuesday Blitz August 15 Early 2023"]
[White "Rivas Garcia, Victor"]
[Black "Di Nicolantonio, Lucas"]
[WhiteFideId "2217740"]
[BlackFideId "680460"]
[WhiteElo "2242"]
[BlackElo "2559"]
[Result "0-1"]
[Round "1"]
[TimeControl "180+1"]
[Date "2023.08.15"]
[WhiteClock "0:01:00"]
[BlackClock "0:01:12"]
[Board "185"]

1. e4 g6 2. d4 Bg7 3. Nc3 d6 4. f4 a6 5. a4 b6 6. Be3 Bb7 7. Nf3 Nd7 8. e5 c5 9. Bc4 cxd4 10. Bxd4 dxe5 11. fxe5 e6 12. O-O Ne7 13. Qe2 O-O 14. Rad1 Qc7 15. Bb3 Nf5 16. Ne4 Nxe5 17. Nxe5 Bxe5 18. Nf6+ Bxf6 19. Bxf6 Qc5+ 20. Kh1 Qe3 21. Qg4 h5 22. Qb4 Qe2 23. Rg1 Bxg2+ 24. Rxg2 Qxd1+ 25. Rg1 Qf3+ 26. Rg2 Ne3 0-1


[Site "https://www.chess.com"]

[Event "Titled Tuesday Blitz August 15 Early 2023"]
[White "Ismagilov, Damir"]
[Black "Clawitter, Craig"]
[WhiteFideId "34199982"]
[BlackFideId "2023105"]
[WhiteElo "2558"]
[BlackElo "2235"]
[Result "1-0"]
[Round "1"]
[TimeControl "180+1"]
[Date "2023.08.15"]
[WhiteClock "0:01:11"]
[BlackClock "0:00:06"]
[Board "186"]

1. d4 e6 2. c4 Nf6 3. Nc3 d5 4. cxd5 exd5 5. Bg5 c6 6. e3 Be7 7. Bd3 O-O 8. Qc2 Nbd7 9. Nf3 Re8 10. Bf4 Nf8 11. h3 Ne6 12. Be5 g6 13. O-O Ng7 14. Rfb1 a5 15. a3 Bf5 16. Bxf6 Bxf6 17. b4 b5 18. Nd2 Be7 19. bxa5 Rxa5 20. a4 b4 21. Ne2 c5 22. Bxf5 Nxf5 23. dxc5 Rxc5 24. Qd3 Bf6 25. Ra2 Bc3 26. Nb3 Rc4 27. Rd1 Qg5 28. Qxd5 Rce4 29. a5 Rxe3 30. fxe3 Qxe3+ 31. Kh1 Qxe2 32. Rxe2 1-0


[Site "https://www.chess.com"]

[Event "Titled Tuesday Blitz August 15 Early 2023"]
[White "Yuruultei Batbaatar"]
[Black "Karamsetty, Jeevan"]
[WhiteFideId "4905962"]
[BlackFideId "2025337"]
[WhiteElo "2235"]
[BlackElo "2556"]
[Result "0-1"]
[Round "1"]
[TimeControl "180+1"]
[Date "2023.08.15"]
[WhiteClock "0:00:24"]
[BlackClock "0:00:56"]
[Board "187"]

1. d4 e6 2. c4 d5 3. Nf3 Nf6 4. g3 Bb4+ 5. Nbd2 dxc4 6. Bg2 c3 7. bxc3 Bxc3 8. Rb1 Nc6 9. O-O O-O 10. Ba3 Re8 11. Nb3 Bb4 12. Bxb4 Nxb4 13. Ne5 c6 14. Nc5 a5 15. a3 Nbd5 16. Qb3 b6 17. Na4 b5 18. Nxc6 bxa4 19. Nxd8 axb3 20. e4 Rxd8 21. exd5 exd5 22. Rxb3 Ba6 23. Rfb1 Bc4 24. Rb7 h5 25. Rc7 Rac8 26. Ra7 Bd3 27. Re1 Re8 28. Rd1 Bc2 29. Rc1 a4 30. Bh3 Rc4 31. Bf1 Rc3 32. Bc4 0-1


[Site "https://www.chess.com"]